 Dungeon Crawl Stone Soup version 0.28-a0-511-gcc94558de3 (webtiles) character file.

Game seed: 4080828461577507485

34 Spaninq the Chopper (level 3, -8/31 HPs)
             Began as a Hill Orc Warper on Sept 21, 2021.
             Mangled by Sigmund (13 damage)
             ... on level 2 of the Dungeon.
             The game lasted 00:02:10 (1962 turns).

Spaninq the Chopper (Hill Orc Warper)               Turns: 1962, Time: 00:02:10

Health: -8/31      AC:  4    Str: 14    XL:     3   Next: 31%
Magic:  5/5        EV: 11    Int: 13    God:
Gold:   27         SH:  0    Dex: 10    Spells: 5/5 levels left

rFire   . . .      SeeInvis .   a - +0 hand axe
rCold   . . .      Faith    .   (no shield)
rNeg    . . .      Spirit   .   b - +0 leather armour
rPois   .          Reflect  .   (no helmet)
rElec   .          Harm     .   (no cloak)
rCorr   .          Rampage  .   k - +0 pair of gloves
Will    .....                   (no boots)
Stlth   ..........              (no amulet)
HPRegen 0.10/turn               (no ring)
MPRegen 0.09/turn               (no ring)

@: confused
A: no striking features
a: no special abilities


You were on level 2 of the Dungeon.
You visited 1 branch of the dungeon, and saw 2 of its levels.

You collected 27 gold pieces.

Inventory:

Hand Weapons
 a - a +0 hand axe (weapon)
Missiles
 d - 5 boomerangs of dispersal (quivered)
Armour
 b - a +0 leather armour (worn)
 k - a +0 pair of gloves (worn)
Scrolls
 c - a scroll of blinking
 g - a scroll of silence {unknown}
 h - 2 scrolls of identify {unknown}
 i - a scroll of immolation {unknown}
 l - a scroll of holy word {unknown}
Potions
 e - a potion of might {unknown}
 f - a potion of heal wounds {unknown}
 j - 2 potions of haste {unknown}


   Skills:
 + Level 3.0 Fighting
 * Level 3.9 Axes
 - Level 0.8 Throwing
 + Level 1.9 Armour
 - Level 1.5 Dodging
 - Level 1.5 Spellcasting
 - Level 2.4 Translocations


You had 5 spell levels left.
You didn't know any spells.
Your spell library contained the following spells:

 Spells                   Type           Power      Damage    Failure   Level
 Blink                    Tloc           N/A        N/A       19%         2
 Summon Small Mammal      Summ           4%         N/A       32%         1
 Gell's Gravitas          Tloc           3%         N/A       36%         3
 Lesser Beckoning         Tloc           7%         N/A       36%         3
 Teleport Other           Tloc           7%         N/A       36%         3
 Call Canine Familiar     Summ           1%         N/A       69%         3
 Summon Guardian Golem    Hex/Summ       1%         N/A       69%         3
 Manifold Assault         Tloc           7%         N/A       98%         5


Dungeon Overview and Level Annotations

Branches:
Dungeon (2/15)

Altars:

Shops:
D:2 *

Annotations:
D:2 Sigmund, Terence


Message History

The endoplasm quivers.
You hit the endoplasm.
You kill the endoplasm!
Found a stone staircase leading down.
You pick up a book of Callings and begin reading...
You add the spells Summon Small Mammal, Call Canine Familiar and Summon Guardian Golem to your library.
You now have 20 gold pieces (gained 11).
You now have 27 gold pieces (gained 7).
l - a scroll labelled SYUMMO BUYSCHE Terence the Incautious comes into view.
He is wielding a +0 flail and wearing a +2 scale mail of positive energy.
Terence shouts!
Terence moves out of view.
Sigmund the Dreaded comes into view.
He is wielding a +0 scythe.
Found 9 stones.
Sigmund casts a spell at you. The puff of flame hits you!
Sigmund points at you and mumbles some strange words.
You resist with significant effort.
Sigmund gestures wildly while chanting.
Sigmund flickers and vanishes!
Deactivating autopickup; reactivate with Ctrl-A.
You are confused.
You bump into the rock wall.
You bump into the rock wall.
You bump into the rock wall.
You feel less confused.
Found 24 arrows.
There is a stone staircase leading down here.
You can't go down here!
A puff of flame appears from out of thin air!
The puff of flame hits you!
You are confused.
You hear some strange, mumbled words.
You are more confused.
You're too confused to move!
Something hits you!
* * * LOW HITPOINT WARNING * * *
You bump into the rock wall.
Sigmund appears from thin air!
Reactivating autopickup.
Sigmund hits you from afar with a +0 scythe!
You die...

#..# #.###.## ###
#..# #.# #..> ..#
#..# #.# #### #.#
#..# ##.## #.#
#..#####...# #.#
#........#.# .
#.# ##.#####...#
# #.########.#
#####
#...@@.@...#
#..######### #..#
#..# #######..###
#.@{.......#
####.#####..#.#
......####..#.#
##..>.......#.###
###


You could see Sigmund and Terence.

Vanquished Creatures
  2 dart slugs (D:1)
  A bat (D:1)
  3 endoplasms
  2 giant cockroaches (D:1)
  5 goblins (D:1)
  8 jackals (D:1)
  A quokka (D:1)
  A ball python (D:2)
  A rat (D:1)
24 creatures vanquished.

Notes
Turn   | Place    | Note
-------+----------+-------------------------------------------
     0 | D:1      | Spaninq the Hill Orc Warper began the quest for the Orb.
     0 | D:1      | Reached XP level 1. HP: 18/18 MP: 3/3
   257 | D:1      | Reached XP level 2. HP: 18/25 MP: 4/4
  1106 | D:1      | Reached XP level 3. HP: 30/30 MP: 5/5
  1780 | D:2      | Found Ciravar's Assorted Antiques.
  1917 | D:2      | Noticed Terence
  1918 | D:2      | Noticed Sigmund
  1962 | D:2      | Mangled by Sigmund

Illustrated notes

Levels and vault maps discovered:
D:1:      nagdon_arrival_double_spiral, layout_basic
D:2:      layout_loops_ring, serial_shops,
          nicolae_shop_temple_entry_statues_fountains, uniq_terence,
          uniq_sigmund

Skill      XL: |  1  2  3 |
---------------+----------+-----
Axes           | 3 |  3.9
Fighting       | 3 |  3.0
Throwing       | |  0.8
Armour         | |  1.9
Dodging        | |  1.5
Spellcasting   | |  1.5
Translocations | |  2.4

Action                   || total
-------------------------++-------
Melee: Hand axe          ||    85
Armor: Leather armour    ||    31
Dodge: Dodged            ||    70

Table legend: (Time is in decaauts)
 A = Elapsed time spent in this place.
 B = Non-inter-level travel time spent in this place.
 C = Inter-level travel time spent in this place.
 D = Time resting spent in this place.
 E = Time spent auto-exploring this place.
 F = Levels seen in this place.
 G = Mean time per level.
                   A        B        C        D        E       F      G
               +--------+--------+--------+--------+--------+-----+--------+
         Total |   1972 |   1922 |     50 |    158 |   1513 |   2 |  986.0 |
       Dungeon |   1972 |   1922 |     50 |    158 |   1513 |   2 |  986.0 |
               +--------+--------+--------+--------+--------+-----+--------+

Top non-repeatable levels by time:
     D:1: 1761 daAuts
     D:2: 211 daAuts
